 Dungeon Crawl Stone Soup version 0.19.1 (webtiles) character file.

67001 snakesoul the Phalangite (level 15, -14/126 HPs)
             Began as a Merfolk Berserker on Dec 9, 2016.
             Was the Champion of Trog.
             Demolished by a death yak (22 damage)
             ... on level 6 of the Lair of Beasts.
             The game lasted 00:48:06 (24335 turns).

snakesoul the Phalangite (Merfolk Berserker)       Turns: 24335, Time: 00:48:07

Health: -14/126    AC: 15    Str: 28    XL:     15   Next: 21%
Magic:  15/15      EV: 21    Int:  7    God:    Trog [******]
Gold:   1598       SH:  0    Dex: 15    Spells: 0 memorised, 14 levels left

rFire  x . .     SeeInvis .     K - +3 glaive "Toesefyc" {chop, Str+7 Dex-3}
rCold  + + .     Gourm    .     z - +0 ice dragon scales
rNeg   + . .     Faith    .     (shield currently unavailable)
rPois  .         Spirit   .     V - +2 helmet
rElec  .         Reflect  .     b - +0 cloak
rCorr  .         Harm     .     L - +0 pair of gloves
MR     +....                    (no boots)
Stlth  ..........               (no amulet)
                                Z - +2 ring of strength
                                J - ring of positive energy

@: exhausted, slowed, very slow
A: change form in water, swift swim, stealthy swim
a: Berserk, Trog's Hand, Brothers in Arms, Burn Spellbooks, Renounce Religion


You were on level 6 of the Lair of Beasts.
You worshipped Trog.
Trog was exalted by your worship.
You were not hungry.

You visited 3 branches of the dungeon, and saw 20 of its levels.
You also visited: Ice Cave.

You collected 1748 gold pieces.
You spent 150 gold pieces at shops.

Inventory:

Hand Weapons
 E - a +2 trident of freezing
 K - the +3 glaive "Toesefyc" (weapon) {chop, Str+7 Dex-3}
   (You found it on level 8 of the Dungeon)

   It inflicts extra damage upon your enemies.
   It affects your strength (+7).
   It affects your dexterity (-3).
Missiles
 t - 18 tomahawks (quivered)
Armour
 b - a +0 cloak (worn)
 z - +0 ice dragon scales (worn)
 L - a +0 pair of gloves (worn)
 V - a +2 helmet (worn)
Jewellery
 J - a ring of positive energy (left hand)
 P - an uncursed ring of resist corrosion
 Z - a +2 ring of strength (right hand)
Wands
 q - a wand of flame (22/48)
 O - a wand of hasting (4/9)
 U - a wand of teleportation (4/9)
 X - a wand of digging (16/24)
Scrolls
 e - 6 scrolls of remove curse
 g - 19 scrolls of identify
 i - a scroll of acquirement {unknown}
 l - 4 scrolls of enchant armour
 m - 4 scrolls of fog
 o - a scroll of holy word {unknown}
 r - 3 scrolls of recharging
 u - a scroll of fear
 v - a scroll of enchant weapon {unknown}
 w - 2 scrolls of teleportation
 y - a scroll of blinking
 R - 3 scrolls of magic mapping
Potions
 d - 8 potions of brilliance
 k - 9 potions of curing
 n - a potion of might
 p - a potion of cure mutation
 s - 2 potions of ambrosia
 x - a potion of cancellation
 A - a potion of berserk rage
 D - 3 potions of invisibility
 T - a potion of flight
Comestibles
 a - 10 beef jerkies
 c - 10 bread rations
 h - 10 meat rations
 j - 4 slices of pizza
 F - 23 fruits


   Skills:
 + Level 14.2 Fighting
 - Level 23.3 Polearms
 + Level 2.2 Throwing
 + Level 2.5 Armour
 * Level 16.8 Dodging


You had 14 spell levels left.
You didn't know any spells.

Dungeon Overview and Level Annotations

Branches:
Dungeon (12/15)            Temple (0/1) D:5            Lair (6/6) D:10
  Swamp (0/4) Lair:4       Spider (0/4) Lair:4        Slime (0/5) Lair:5
    Orc (2/2) D:9             Elf (0/3) Orc:2

Altars:
Ashenzari
Gozag
Okawaru
Qazlal
Trog
Uskayaw
Yredelemnul
The Shining One

Shops:
Orc:2 *:?%

Portals:
Trove: D:12 (give +5 demon blade)


Message History

The death yak is severely wounded.
The death yak gores you. The death yak gores you!
The death yak gores you but does no damage.
You hit the death yak.
The death yak is severely wounded.
The death yak misses you. The death yak gores you!!
The death yak gores you but does no damage.
You slash the death yak!
The death yak is almost dead.
The death yak gores you! The death yak barely misses you.
The death yak gores you!
* * * LOW HITPOINT WARNING * * *
You are too injured to fight recklessly!
The death yak closely misses you. The death yak completely misses you.
The death yak gores you!!
* * * LOW HITPOINT WARNING * * *
A komodo dragon comes into view.
The death yak gores you but does no damage.
The death yak barely misses you. The death yak gores you!!
You die...

............P.........%...
..........PP#####.. ....#
..........######.###...##
...........†.#...#......##
..........#P......#†......
.........##...............
.......(.###....Y..#....#.
.........P #.#.#YY## ...#
............##.#@## ..#
..................# .P#
................l... ..
...................... .
........................
..........<.............
........[...............
........ ...............
........


You could see 3 death yaks and a komodo dragon.

Vanquished Creatures
  Gastronok (Lair:1)
  Donald (Orc:2)
  A frost giant (IceCv)
  A stone giant (Orc:2)
  An ice dragon (Lair:5)
  5 hydras
  A catoblepas (Lair:5)
  A centaur warrior (D:11)
  The ghost of TheOvate the Basher, a novice DrSk of Nemelex Xobeh (D:11)
  4 death yaks
  6 orc high priests
  6 orc knights
  2 hill giants
  2 oklob plants
  6 orc sorcerers
  4 elephants (Lair:5)
  The ghost of Frank the Cudgeler, a novice GrGl of Zin (D:6)
  9 black mambas
  2 ice statues
  11 spiny frogs
  3 rime drakes
  A gargoyle (D:11)
  5 komodo dragons
  5 trolls
  3 jumping spiders (Lair:4)
  18 polar bears
  Prince Ribbit (D:8)
  4 blink frogs
  9 hippogriffs
  A shadow (D:12)
  6 redbacks (Lair:4)
  Sigmund (D:2)
  36 yaks
  A steam dragon (D:9)
  Menkaure (D:7)
  6 hungry ghosts
  4 wargs
  9 water moccasins
  11 porcupines
  5 sky beasts
  A necrophage (D:12)
  8 ice beasts
  4 phantoms
  12 ogres
  33 orc warriors
  7 centaurs
  22 wolves
  14 crocodiles
  3 big kobolds
  17 bullfrogs
  A water moccasin skeleton (D:9)
  A scorpion (D:5)
  13 killer bees
  7 wights
  An electric eel (Lair:2)
  A crimson imp (D:11)
  A bullfrog zombie (D:11)
  A centaur zombie (D:10)
  3 jellies
  18 orc priests
  A gnoll shaman (D:6)
  10 hounds
  2 iguanas
  2 bullfrog skeletons (D:8)
  3 centaur skeletons
  Natasha (D:2)
  25 orc wizards
  Ijyb (D:2)
  6 worker ants
  A killer bee zombie (D:9)
  A hound zombie (D:6)
  A hound skeleton (D:8)
  7 gnolls
  12 adders
  A shadow imp (D:5)
  15 white imps
  2 oozes
  3 adder skeletons
  2 adder zombies
  A worm (D:5)
  2 dart slugs
  6 leopard geckos
  65 orcs
  7 giant cockroaches
  8 goblins
  7 hobgoblins
  20 jackals
  2 quokkas
  A ball python (D:1)
  7 bats
  2 frilled lizards (D:1)
  22 kobolds
  2 leopard gecko skeletons
  5 rats
  A fungus (Lair:6)
618 creatures vanquished.

Vanquished Creatures (others)
  5 polar bears (IceCv)
  A wolf (IceCv)
  A jackal (D:2)
  5 fungi (Lair:6)
  4 plants
16 creatures vanquished.

Grand Total: 634 creatures vanquished

Notes
Turn   | Place    | Note
-------+----------+-------------------------------------------
     0 | D:1      | snakesoul the Merfolk Berserker began the quest for the Orb.
     0 | D:1      | Reached XP level 1. HP: 18/18 MP: 1/1
    43 | D:1      | Reached XP level 2. HP: 22/24 MP: 2/2
   164 | D:1      | Reached skill level 5 in Polearms
   380 | D:1      | Reached XP level 3. HP: 23/29 MP: 3/3
   455 | D:1      | Reached ** piety under Trog
   969 | D:2      | Noticed Ijyb
   986 | D:2      | Killed Ijyb
   986 | D:2      | Reached XP level 4. HP: 37/37 MP: 4/4
  1380 | D:2      | Reached skill level 6 in Polearms
  1671 | D:2      | Noticed Sigmund
  1680 | D:2      | Reached XP level 5. HP: 41/42 MP: 5/5
  1685 | D:2      | Killed Sigmund
  1685 | D:2      | Reached skill level 7 in Polearms
  1685 | D:2      | Reached skill level 5 in Dodging
  1685 | D:2      | Reached XP level 6. HP: 36/49 MP: 6/6
  2008 | D:2      | Noticed Natasha
  2018 | D:2      | Killed Natasha
  2320 | D:3      | Found a bloodstained altar of Trog.
  2531 | D:3      | Reached *** piety under Trog
  3005 | D:4      | Reached skill level 8 in Polearms
  3349 | D:4      | Reached skill level 5 in Fighting
  3349 | D:4      | Reached XP level 7. HP: 48/56 MP: 7/7
  3980 | D:5      | Entered Level 5 of the Dungeon
  3997 | D:5      | Reached skill level 9 in Polearms
  4242 | D:5      | Found an opulent altar of Gozag.
  4821 | D:5      | Reached skill level 10 in Polearms
  4821 | D:5      | Reached XP level 8. HP: 64/64 MP: 8/8
  4939 | D:5      | Found a hide-covered altar of Uskayaw.
  5000 | D:5      | Found a staircase to the Ecumenical Temple.
  5078 | D:5      | Found an opulent altar of Gozag.
  5093 | D:5      | Found a glowing golden altar of the Shining One.
  5459 | D:6      | Noticed Frank's ghost (novice GrGl)
  5779 | D:6      | Killed Frank's ghost
  5779 | D:6      | Reached skill level 11 in Polearms
  6014 | D:6      | Reached XP level 9. HP: 71/71 MP: 9/9
  6382 | D:6      | Reached skill level 12 in Polearms
  6745 | D:7      | Noticed Menkaure
  6755 | D:7      | Killed Menkaure
  6902 | D:7      | Found a shattered altar of Ashenzari.
  6968 | D:7      | Found a basalt altar of Yredelemnul.
  7088 | D:7      | Found a faded altar of an unknown god.
  7088 | D:7      | Found a faded altar of an unknown god.
  7094 | D:7      | Found a faded altar of an unknown god.
  7096 | D:7      | Found a stormy altar of Qazlal.
  7104 | D:7      | Found a faded altar of an unknown god.
  7278 | D:7      | Reached skill level 13 in Polearms
  7710 | D:8      | Reached **** piety under Trog
  7788 | D:8      | Found an iron altar of Okawaru.
  7811 | D:8      | Reached XP level 10. HP: 80/80 MP: 10/10
  7944 | D:8      | Reached skill level 14 in Polearms
  7996 | D:8      | Got an iridescent glaive
  8001 | D:8      | Identified the +3 glaive "Toesefyc" {chop, Str+7 Dex-3} (You found it on level 8 of the Dungeon)
  8026 | D:8      | Noticed Prince Ribbit
  8039 | D:8      | Killed Prince Ribbit
  8434 | D:9      | Reached skill level 10 in Dodging
  8603 | D:9      | Found a staircase to the Orcish Mines.
  8691 | D:9      | Reached skill level 15 in Polearms
  8835 | D:9      | Reached ***** piety under Trog
  8921 | D:10     | Entered Level 10 of the Dungeon
  9608 | D:10     | Found a staircase to the Lair.
  9665 | D:10     | Reached XP level 11. HP: 89/89 MP: 11/11
  9820 | D:11     | Noticed a hill giant
  9824 | D:11     | Killed a hill giant
  9824 | D:11     | Reached skill level 16 in Polearms
  9835 | D:11     | Noticed TheOvate's ghost (novice DrSk)
  9845 | D:11     | Killed TheOvate's ghost
 10180 | D:11     | Found a bloodstained altar of Trog.
 10206 | D:11     | Reached skill level 10 in Fighting
 10318 | D:11     | Paralysed by fainting for 7 turns
 10352 | D:11     | Reached skill level 17 in Polearms
 10572 | D:12     | Noticed a hill giant
 10581 | D:12     | Killed a hill giant
 10761 | D:12     | Found a portal to a secret trove of treasure.
 11329 | D:11     | Noticed a centaur warrior
 11335 | D:11     | Killed a centaur warrior
 11392 | Lair:1   | Entered Level 1 of the Lair of Beasts
 11415 | Lair:1   | Noticed a four-headed hydra
 11440 | D:10     | Killed a seven-headed hydra
 11729 | Lair:1   | Reached skill level 18 in Polearms
 11729 | Lair:1   | Reached XP level 12. HP: 84/99 MP: 12/12
 12327 | Lair:1   | Noticed Gastronok
 12337 | Lair:1   | Killed Gastronok
 12374 | Lair:1   | Reached ****** piety under Trog
 12449 | Lair:1   | Noticed an eight-headed hydra
 12462 | Lair:1   | Killed an eight-headed hydra
 12462 | Lair:1   | Reached skill level 19 in Polearms
 12648 | Lair:1   | Received a gift from Trog
 12931 | Lair:1   | Noticed a five-headed hydra
 12942 | Lair:1   | Killed a five-headed hydra
 13240 | Lair:2   | Found a frozen archway.
 13431 | IceCv    | Entered an ice cave
 13963 | IceCv    | Reached XP level 13. HP: 108/108 MP: 13/13
 14172 | IceCv    | Reached skill level 20 in Polearms
 14280 | IceCv    | Noticed a frost giant
 14318 | IceCv    | Killed a frost giant
 14321 | IceCv    | HP: 1/109 [polar bear (11)]
 16053 | Lair:3   | Reached skill level 21 in Polearms
 16640 | Lair:4   | Found a staircase to the Swamp.
 16721 | Lair:4   | Received a gift from Trog
 17185 | Lair:4   | Found a hole to the Spider Nest.
 18126 | Lair:5   | Found a staircase to the Slime Pits.
 18158 | Lair:5   | Noticed an ice dragon
 18173 | Lair:5   | Killed an ice dragon
 18755 | Lair:5   | Reached XP level 14. HP: 118/118 MP: 14/14
 18758 | Lair:5   | Reached skill level 15 in Dodging
 18924 | Lair:5   | Reached skill level 22 in Polearms
 20381 | Orc:1    | Entered Level 1 of the Orcish Mines
 21581 | Orc:2    | Entered Level 2 of the Orcish Mines
 21618 | Orc:2    | Found a staircase to the Elven Halls.
 21671 | Orc:2    | Noticed a stone giant
 21687 | Orc:2    | Killed a stone giant
 21690 | Orc:2    | Received a gift from Trog
 21734 | Orc:2    | Noticed Donald
 21745 | Orc:2    | Killed Donald
 21745 | Orc:2    | Reached skill level 23 in Polearms
 23110 | Orc:2    | Reached skill level 1 in Throwing
 23121 | Orc:2    | Reached XP level 15. HP: 118/126 MP: 15/15
 23184 | Orc:2    | Found Emimna's Magic Scroll Boutique.
 23190 | Orc:2    | Found Uxza Iro's Assorted Antiques.
 23194 | Orc:2    | Found Guikhoeg's Book Emporium.
 23198 | Orc:2    | Found Vilupica's Food Boutique.
 23225 | Orc:2    | Bought a scroll of identify for 30 gold pieces
 23225 | Orc:2    | Bought a scroll of identify for 30 gold pieces
 23225 | Orc:2    | Bought a scroll of teleportation for 45 gold pieces
 23225 | Orc:2    | Bought a scroll of teleportation for 45 gold pieces
 23592 | Lair:6   | Entered Level 6 of the Lair of Beasts
 24335 | Lair:6   | Demolished by a death yak

Skill      XL: |  1  2  3  4  5  6  7  8  9 10 11 12 13 14 15 |
---------------+----------------------------------------------+-----
Dodging        | 3 4 5 6 7 9 10 12 13 14 16 | 16.8
Polearms       | 5 6 7 8 10 11 13 15 18 19 21 23 | 23.3
Fighting       | 4 5 6 8 9 10 12 13 14 | 14.2
Throwing       | 1 2 |  2.2
Armour         | 2 |  2.5

Action                   |  1- 3 |  4- 6 |  7- 9 | 10-12 | 13-15 || total
-------------------------+-------+-------+-------+-------+-------++-------
Melee: Spear             |    92 |   226 |   330 |       |       ||   648
       Tailslap          |     1 |       |       |       |    14 ||    15
       Trident           |       |       |   112 |    31 |    14 ||   157
       Glaive            |       |       |       |   581 |   846 ||  1427
Throw: Tomahawk          |       |       |       |       |     1 ||     1
Invok: Berserk           |     1 |     6 |    12 |    11 |    10 ||    40
       Burn Spellbooks   |       |       |     1 |       |       ||     1
       Trog's Hand       |       |       |       |     1 |       ||     1
       Brothers in Arms  |       |       |       |     1 |       ||     1
  Use: Scroll            |       |       |     2 |     5 |    22 ||    29
       Potion            |       |       |       |       |     4 ||     4
 Stab: Sleeping          |     2 |     4 |       |       |       ||     6
       Petrified         |       |       |       |       |     6 ||     6
  Eat: Chunk             |       |    13 |    12 |    24 |    27 ||    76
       Bread ration      |       |       |     2 |     3 |     2 ||     7
       Meat ration       |       |       |     1 |       |     1 ||     2
       Beef jerky        |       |       |       |     1 |       ||     1
       Fruit             |       |       |       |       |     2 ||     2
Armor: Animal skin       |     6 |    35 |     1 |       |       ||    42
       Scale mail        |       |       |    66 |   155 |    45 ||   266
       Ice dragon scales |       |       |       |       |    74 ||    74
Dodge: Dodged            |    41 |   169 |   175 |   376 |   472 ||  1233
